[Event "Finalturnier U12"]
[Site "TOSHIBA"]
[Date "2008.07.03"]
[Round "1"]
[White "Mallor, Tim"]
[Black "Studer, Noël"]
[Result "0-1"]
[ECO "C57"]
[WhiteElo "1573"]
[BlackElo "1761"]
[Annotator ",Inock"]
[PlyCount "49"]
[TimeControl "40/7200:20/3600:1800"]

{400MB, Fritz8.ctg} 1. e4 e5 2. Nf3 Nc6 3. Bc4 Nf6 4. Ng5 d5 5. exd5 b5 6. Bxb5
Qxd5 7. Nc3 Qxg2 8. Rf1 Bd7 9. d3 Ng4 10. h3 Nh2 11. Qe2 Qxf1+ 12. Qxf1 Nxf1
13. Kxf1 f6 14. Nge4 Bxh3+ 15. Ke2 Bd7 16. Nd5 Kd8 17. Be3 Rb8 18. a4 Nd4+ 19.
Bxd4 exd4 20. Bxd7 Kxd7 21. b3 Bd6 22. Rg1 Bf8 23. Nf4 f5 24. Ng3 Re8+ 25. Kf3
0-1

[Event "Finalturnier U12"]
[Site "TOSHIBA"]
[Date "2008.07.03"]
[Round "1"]
[White "Welch, Fabian"]
[Black "Grandadam, Patrik"]
[Result "0-1"]
[ECO "D05"]
[WhiteElo "1625"]
[BlackElo "1972"]
[Annotator ",Inock"]
[PlyCount "46"]
[EventDate "2008.??.??"]
[TimeControl "40/7200:20/3600:1800"]

{400MB, Fritz8.ctg} 1. d4 d5 2. Nf3 e6 3. e3 Nf6 4. Bd3 Nbd7 5. O-O c5 6. b3
Bd6 7. Bb2 O-O 8. Nbd2 Qc7 9. c4 cxd4 10. exd4 dxc4 11. Nxc4 Bf4 12. Nfe5 b5
13. Nxd7 Bxh2+ 14. Kh1 Bxd7 15. Ne5 Bf4 16. Qf3 Bh6 17. Ng4 Nxg4 18. Qxg4 Qf4
19. Qe2 Bc6 20. Bxb5 Qh4+ 21. Kg1 Bf4 22. f3 Bh2+ 23. Kh1 Bg3+ 0-1

[Event "Finalturnier U12"]
[Site "TOSHIBA"]
[Date "2008.07.03"]
[Round "1"]
[White "Fopp, Stefan"]
[Black "Georgiadis, Nico"]
[Result "1/2-1/2"]
[ECO "B21"]
[WhiteElo "1644"]
[BlackElo "2056"]
[Annotator ",Inock"]
[PlyCount "104"]
[TimeControl "40/7200:20/3600:1800"]

{400MB, Fritz8.ctg} 1. e4 c5 2. f4 e6 3. Nf3 d5 4. d3 dxe4 5. dxe4 Qxd1+ 6.
Kxd1 Nc6 7. Nc3 Bd7 8. Bc4 Be7 9. a3 O-O-O 10. Ke2 a6 11. Be3 b5 12. Ba2 Nf6
13. h3 Ne8 14. Rad1 f6 15. Rd2 Nc7 16. Rhd1 Na5 17. e5 Bc6 18. g4 Rxd2+ 19.
Rxd2 Rf8 20. exf6 gxf6 21. Rd1 Nb7 22. b3 Ne8 23. a4 b4 24. Nb1 Ned6 25. c3 Ne4
26. cxb4 cxb4 27. Nfd2 Nbd6 28. Rc1 Kb7 29. Nc4 Nxc4 30. Rxc4 Bd5 31. Rc1 Rc8
32. Rxc8 Kxc8 33. Ke1 Kd7 34. Bd4 Bd6 35. Nd2 Nxd2 36. Kxd2 Bxf4+ 37. Be3 Bxe3+
38. Kxe3 Kd6 39. h4 Ke5 40. g5 fxg5 41. hxg5 Kf5 42. Bb1+ Kxg5 43. Bxh7 Bxb3
44. a5 Bc4 45. Kd4 Bb5 46. Bc2 Kf4 47. Kc5 e5 48. Kxb4 e4 49. Bxe4 Kxe4 50. Kc3
Kd5 51. Kb2 Kc4 52. Ka1 Kb4 1/2-1/2

[Event "Finalturnier U12"]
[Site "TOSHIBA"]
[Date "2008.07.03"]
[Round "1"]
[White "Rindlisbacher, Lars"]
[Black "Züst, Leonard"]
[Result "0-1"]
[ECO "C70"]
[WhiteElo "1987"]
[BlackElo "1629"]
[Annotator ",Inock"]
[PlyCount "56"]
[TimeControl "40/7200:20/3600:1800"]

{400MB, Fritz8.ctg} 1. e4 e5 2. Nf3 Nc6 3. Bb5 a6 4. Ba4 Bc5 5. O-O b5 6. Bb3
Nf6 7. Re1 O-O 8. Nc3 d6 9. a3 Be6 10. Nd5 Bxd5 11. exd5 Ne7 12. d4 exd4 13.
Bg5 Ng6 14. Nxd4 Ne5 15. f4 Ned7 16. Kf1 Bxd4 17. Qxd4 Re8 18. a4 Qb8 19. Rxe8+
Qxe8 20. Re1 Qb8 21. axb5 axb5 22. Qc3 Kf8 23. Qc6 Nc5 24. Bxf6 gxf6 25. c4
Nxb3 26. cxb5 Nd4 27. Qc3 Qxb5+ 28. Kf2 Qc5 0-1

[Event "Finalturnier U12"]
[Site "TOSHIBA"]
[Date "2008.07.03"]
[Round "1"]
[White "Retti, Ivan"]
[Black "Zaza, Ludovic"]
[Result "1-0"]
[ECO "B28"]
[WhiteElo "1831"]
[BlackElo "1602"]
[Annotator ",Inock"]
[PlyCount "39"]
[TimeControl "40/7200:20/3600:1800"]

{400MB, Fritz8.ctg} 1. e4 c5 2. Nf3 a6 3. c3 d5 4. exd5 Nf6 5. d4 cxd4 6. Nxd4
Nxd5 7. Bd3 e5 8. Nc2 Bc5 9. O-O O-O 10. Nd2 Nf4 11. Be2 Bf5 12. Bf3 Qc7 13.
Ne4 Rd8 14. Qe1 Nd3 15. Qe2 Bxf2+ 16. Nxf2 Nxf2 17. Qxf2 e4 18. Be2 Bg6 19. Be3
Nc6 20. Bb6 1-0

[Event "Finalturnier U12"]
[Site "TOSHIBA"]
[Date "2008.07.03"]
[Round "1"]
[White "Stoeri, Laura"]
[Black "Aymon, Jérôme"]
[Result "0-1"]
[ECO "B32"]
[WhiteElo "1741"]
[BlackElo "1566"]
[Annotator ",Inock"]
[PlyCount "36"]
[TimeControl "40/7200:20/3600:1800"]

{400MB, Fritz8.ctg} 1. e4 c5 2. Nf3 Nc6 3. d4 cxd4 4. Nxd4 Qb6 5. Nxc6 dxc6 6.
Nc3 e6 7. Be2 Bb4 8. Qd3 Nf6 9. Be3 Qa5 10. O-O Bxc3 11. bxc3 O-O 12. f4 Qb5
13. c4 Qa5 14. Bd4 Rd8 15. Qe3 Ne8 16. Rf3 g6 17. Rg3 b6 18. Qf3 Rxd4 0-1

[Event "Finalturnier U12"]
[Site "TOSHIBA"]
[Date "2008.07.03"]
[Round "1"]
[White "Rösler, Linus"]
[Black "Seitz, Florian"]
[Result "0-1"]
[ECO "B24"]
[WhiteElo "1565"]
[BlackElo "1690"]
[Annotator ",Inock"]
[PlyCount "50"]
[TimeControl "40/7200:20/3600:1800"]

{400MB, Fritz8.ctg} 1. e4 c5 2. Nc3 e6 3. g3 Nc6 4. Bg2 d6 5. d3 Be7 6. Be3 Bd7
7. f4 a6 8. Nf3 b5 9. O-O Qc7 10. Qd2 Rc8 11. Rfc1 Nf6 12. h3 d5 13. Bf2 b4 14.
Ne2 dxe4 15. dxe4 Nxe4 16. Qd3 Nxf2 17. Kxf2 Qb6 18. Kf1 O-O 19. Qb3 Na5 20.
Qd3 Bb5 21. Qe3 Nc4 22. Qb3 Bf6 23. c3 Ne3+ 24. Kf2 c4 25. Qxb4 Nc2+ 0-1

[Event "Finalturnier U12"]
[Site "TOSHIBA"]
[Date "2008.07.03"]
[Round "1"]
[White "Roos, Jonas"]
[Black "Grillon, Cédric"]
[Result "1-0"]
[ECO "D02"]
[WhiteElo "1661"]
[BlackElo "1544"]
[Annotator ",Inock"]
[PlyCount "87"]
[TimeControl "40/7200:20/3600:1800"]

{400MB, Fritz8.ctg} 1. d4 Nf6 2. Bf4 e6 3. Nf3 d5 4. e3 Nbd7 5. c3 b6 6. Bd3
Bb7 7. Nbd2 c5 8. O-O c4 9. Bc2 g6 10. Re1 Bg7 11. Qb1 O-O 12. b3 cxb3 13. axb3
a5 14. c4 dxc4 15. bxc4 Qc8 16. Bd3 Qc6 17. Qb5 Qxb5 18. cxb5 Nd5 19. Bd6 Rfd8
20. e4 N7f6 21. e5 Ne8 22. Ba3 Bh6 23. Nc4 Nf4 24. Be4 Bxe4 25. Rxe4 f5 26.
Ree1 Nd5 27. Bc1 Bxc1 28. Raxc1 Nb4 29. Nxb6 Rab8 30. Na4 Nd3 31. Nc5 Nxc1 32.
Rxc1 Rxb5 33. Nxe6 Rdb8 34. Nd2 Rb2 35. Nf1 Rb1 36. Rc2 a4 37. d5 R1b5 38. d6
Rxe5 39. d7 Re1 40. Rc8 Rxc8 41. dxc8=Q Kf7 42. Ng5+ Kg7 43. Qc3+ Kh6 44. Nf7+
1-0

[Event "Finalturnier U12"]
[Site "TOSHIBA"]
[Date "2008.07.04"]
[Round "2"]
[White "Mallor, Tim"]
[Black "Stoeri, Laura"]
[Result "0-1"]
[ECO "C55"]
[WhiteElo "1573"]
[BlackElo "1741"]
[Annotator ",Inock"]
[PlyCount "26"]
[TimeControl "40/7200:20/3600:1800"]

{400MB, Fritz8.ctg} 1. e4 e5 2. Nf3 Nc6 3. Bc4 Bc5 4. O-O Nf6 5. d4 exd4 6. e5
Ng4 7. h3 Ngxe5 8. Nxe5 Nxe5 9. Re1 d6 10. f4 d3+ 11. Kh1 Qh4 12. fxe5 Bxh3 13.
exd6+ Be6# 0-1

[Event "Finalturnier U12"]
[Site "TOSHIBA"]
[Date "2008.07.04"]
[Round "2"]
[White "Studer, Noël"]
[Black "Roos, Jonas"]
[Result "1-0"]
[ECO "B31"]
[WhiteElo "1761"]
[BlackElo "1661"]
[Annotator ",Inock"]
[PlyCount "59"]
[TimeControl "40/7200:20/3600:1800"]

{400MB, Fritz8.ctg} 1. e4 c5 2. Nf3 Nc6 3. Bb5 g6 4. Bxc6 bxc6
5. O-O Bg7 6. Re1 Nf6 7. e5 Nd5 8. Nc3 Bb7 9. Ne4 Qb6 10. d3 Rb8 11. c4 Nc7 12.
Be3 Ne6 13. Qd2 Nd4 14. Nxc5 Nxf3+ 15. gxf3 Bxe5 16. Nxd7 Qc7 17. Nxe5 Qxe5 18.
Bf4 Qf6 19. Bxb8 Qxf3 20. Qe3 Qg4+ 21. Bg3 O-O 22. c5 f5 23. Qf4 Qh5 24. Qc4+
Kg7 25. Rxe7+ Kh6 26. Bf4+ g5 27. Re6+ Kg7 28. Be5+ Kg8 29. Rh6+ Qf7 30. Qxf7+
1-0

[Event "Finalturnier U12"]
[Site "TOSHIBA"]
[Date "2008.07.04"]
[Round "2"]
[White "Grandadam, Patrik"]
[Black "Seitz, Florian"]
[Result "1-0"]
[ECO "D52"]
[WhiteElo "1972"]
[BlackElo "1690"]
[Annotator ",Inock"]
[PlyCount "99"]
[TimeControl "40/7200:20/3600:1800"]

{400MB, Fritz8.ctg} 1. Nf3 d5 2. d4 Nf6 3. c4 c6 4. Nc3 e6 5. Bg5 Nbd7 6. e3
Bd6 7. Bd3 O-O 8. O-O Re8 9. e4 dxe4 10. Nxe4 Be7 11. Nc3 h6 12. Bf4 Bb4 13.
Qc2 Bxc3 14. Qxc3 c5 15. Bg3 cxd4 16. Nxd4 a6 17. Rad1 Nc5 18. Rfe1 Qb6 19. Bc2
Bd7 20. b4 Na4 21. Qb3 Rac8 22. c5 Nxc5 23. bxc5 Qxc5 24. Bb1 Bc6 25. Re5 Bd5
26. Qb2 Red8 27. h3 Nd7 28. Ree1 Nb6 29. Nb3 Qc6 30. Rc1 Nc4 31. Qe2 b5 32. f3
Qb7 33. Bf2 Qe7 34. Qd3 g6 35. Qe2 Qd6 36. h4 Qe7 37. h5 Qg5 38. hxg6 fxg6 39.
Nc5 Rc6 40. Ne4 Qe7 41. Bd4 e5 42. Nf2 Re6 43. Be3 Kg7 44. Ng4 h5 45. Nxe5 Nxe5
46. Bd4 Re8 47. f4 Bc4 48. Bxe5+ Kg8 49. Qf2 g5 50. Bf5 1-0

[Event "Finalturnier U12"]
[Site "TOSHIBA"]
[Date "2008.07.04"]
[Round "2"]
[White "Züst, Leonard"]
[Black "Retti, Ivan"]
[Result "0-1"]
[ECO "B76"]
[WhiteElo "1629"]
[BlackElo "1831"]
[Annotator ",Inock"]
[PlyCount "80"]
[TimeControl "40/7200:20/3600:1800"]

{400MB, Fritz8.ctg} 1. e4 c5 2. Nf3 d6 3. d4 cxd4 4. Nxd4 Nf6 5. Nc3 g6 6. f3
Bg7 7. Be3 O-O 8. Qd2 d5 9. e5 Ne8 10. f4 f6 11. e6 Nc6 12. Nce2 f5 13. h4 Nf6
14. g3 Ne4 15. Qd3 h5 16. Rg1 Nc5 17. Qb5 Nxd4 18. Nxd4 Bxd4 19. Bxd4 Nxe6 20.
Be5 Qd7 21. Qb3 Nc5 22. Qc3 Ne4 23. Qd4 b6 24. O-O-O Bb7 25. Bd3 Nf6 26. Rg2
Qc6 27. Re2 Qc5 28. Bxf6 exf6 29. Qa4 Bc6 30. Qb3 a5 31. a3 a4 32. Qa2 Kg7 33.
c4 d4 34. Red2 Rfd8 35. Qb1 b5 36. Qc2 b4 37. axb4 Qxb4 38. Be2 Be4 39. Bd3 a3
40. bxa3 Rxa3 0-1

[Event "Finalturnier U12"]
[Site "TOSHIBA"]
[Date "2008.07.04"]
[Round "2"]
[White "Aymon, Jérôme"]
[Black "Fopp, Stefan"]
[Result "1/2-1/2"]
[ECO "C37"]
[WhiteElo "1566"]
[BlackElo "1644"]
[Annotator ",Inock"]
[PlyCount "58"]
[TimeControl "40/7200:20/3600:1800"]

{400MB, Fritz8.ctg} 1. e4 e5 2. f4 exf4 3. Nf3 g5 4. d4 d6 5. Bc4 g4 6. Ng1
Qh4+ 7. Ke2 g3 8. Nf3 Qe7 9. Nc3 Be6 10. Bxe6 fxe6 11. Bxf4 gxh2 12. Bg5 Qf7
13. Rxh2 Be7 14. Qf1 Nc6 15. Rd1 O-O-O 16. Bxe7 Ngxe7 17. Ng5 Qg7 18. Nf3 Rdf8
19. Qg1 Rhg8 20. Qh1 Rf7 21. Rd3 Ng6 22. Kd1 Nf4 23. Rd2 Rd7 24. a3 a6 25. Na2
Qg6 26. Nc3 Qg7 27. Na2 Qg6 28. Nc3 Qg7 29. Na2 Qg6 1/2-1/2

[Event "Finalturnier U12"]
[Site "TOSHIBA"]
[Date "2008.07.04"]
[Round "2"]
[White "Georgiadis, Nico"]
[Black "Rindlisbacher, Lars"]
[Result "1/2-1/2"]
[ECO "C88"]
[WhiteElo "2056"]
[BlackElo "1987"]
[Annotator ",Inock"]
[PlyCount "133"]
[TimeControl "40/7200:20/3600:1800"]

{400MB, Fritz8.ctg} 1. e4 e5 2. Nf3 Nc6 3. Bb5 a6 4. Ba4 Nf6 5. O-O Be7 6. Re1
b5 7. Bb3 O-O 8. h3 Bb7 9. d3 d5 10. exd5 Nxd5 11. Nxe5 Nd4 12. Nd2 Nxb3 13.
Nxb3 f6 14. Nf3 c5 15. Qe2 Re8 16. Bd2 Bd6 17. Qxe8+ Qxe8 18. Rxe8+ Rxe8 19. a4
bxa4 20. Rxa4 Nb6 21. Ra1 c4 22. Nbd4 cxd3 23. cxd3 Nd5 24. Nf5 Bf4 25. Re1
Rxe1+ 26. Bxe1 g6 27. Ng3 Bc1 28. Bc3 Nxc3 29. bxc3 Bxf3 30. gxf3 a5 31. Ne4
Bb2 32. Kf1 a4 33. Nxf6+ Kf7 34. Nd5 a3 35. Nb4 Bxc3 36. Na2 Bd4 37. Ke2 Ke6
38. f4 Kf5 39. Kf3 Bb2 40. Ke3 Bg7 41. Kf3 Bh6 42. Ke3 Bxf4+ 43. Kf3 Be5 44.
Nb4 Bg7 45. Ke3 Ke5 46. d4+ Kd6 47. Kd3 Bf8 48. Kc4 g5 49. Na2 h5 50. f3 Ke6
51. Kb3 Kf5 52. Nc3 Kf4 53. Ne4 Be7 54. d5 Kxf3 55. d6 Bd8 56. Nc5 g4 57. hxg4
hxg4 58. Nd3 g3 59. Kxa3 Ke3 60. Ne1 Ke2 61. Ng2 Kf2 62. Nf4 Kf3 63. Nd3 Ke4
64. Ne1 Kd5 65. d7 Kd6 66. Kb3 Kxd7 67. Kc2 1/2-1/2

[Event "Finalturnier U12"]
[Site "TOSHIBA"]
[Date "2008.07.04"]
[Round "2"]
[White "Grillon, Cédric"]
[Black "Welch, Fabian"]
[Result "0-1"]
[ECO "A60"]
[WhiteElo "1544"]
[BlackElo "1625"]
[Annotator ",Inock"]
[PlyCount "52"]
[TimeControl "40/7200:20/3600:1800"]

{400MB, Fritz8.ctg} 1. d4 Nf6 2. c4 c5 3. d5
e6 4. dxe6 fxe6 5. Bg5 Be7 6. Nc3 O-O 7. Nf3 d5 8. cxd5 exd5 9. e3 Nc6 10. Bd3
Bg4 11. h3 Bxf3 12. Qxf3 Ne4 13. Bxe7 Qxe7 14. Qh5 Nf6 15. Qf5 g6 16. Qg5 Nb4
17. Bb1 d4 18. Ne4 dxe3 19. Qxe3 Nxe4 20. a3 Rae8 21. Bxe4 Qxe4 22. axb4 Qxb4+
23. Kd1 Rxe3 24. fxe3 Rf2 25. Kc1 Qxb2+ 26. Kd1 Qxa1# 0-1

[Event "Finalturnier U12"]
[Site "TOSHIBA"]
[Date "2008.07.04"]
[Round "2"]
[White "Zaza, Ludovic"]
[Black "Rösler, Linus"]
[Result "1/2-1/2"]
[ECO "C11"]
[WhiteElo "1602"]
[BlackElo "1565"]
[Annotator ",Inock"]
[PlyCount "103"]
[TimeControl "40/7200:20/3600:1800"]

{400MB, Fritz8.ctg} 1. e4 e6 2. d4 d5 3. Nc3 Nf6 4. e5 Nfd7 5. f4 c5 6. Nf3 Nc6
7. Be3 cxd4 8. Nxd4 Bc5 9. Qd2 O-O 10. O-O-O a6 11. g4 Nxd4 12. Bxd4 b5 13. h4
b4 14. Na4 Bxd4 15. Qxd4 a5 16. h5 Qc7 17. g5 Bb7 18. b3 Rac8 19. Bd3 Ba6 20.
Rh2 Bxd3 21. Rxd3 Nc5 22. Nxc5 Qxc5 23. Qxc5 Rxc5 24. Rhd2 Rfc8 25. Kd1 Kf8 26.
Rg3 Rc3 27. Rxc3 Rxc3 28. Rd3 Rxd3+ 29. cxd3 Ke7 30. Ke2 Kd7 31. Ke3 Kc6 32. d4
Kd7 33. Kf3 Ke7 34. Kg4 g6 35. Kh4 Ke8 36. Kg3 Ke7 37. Kh2 Ke8 38. Kg2 Ke7 39.
Kf2 Kd7 40. Ke2 Ke7 41. hxg6 hxg6 42. Kd2 Kd7 43. Kc2 Kc6 44. Kb2 Kb5 45. Kc2
Kc6 46. Kb1 Kb6 47. Kc1 Kc6 48. Kd2 Kd7 49. Kd3 Ke8 50. Kc2 Kd7 51. Kb2 Kc6 52.
Ka1 1/2-1/2

[Event "Finalturnier U12"]
[Site "TOSHIBA"]
[Date "2008.07.04"]
[Round "3"]
[White "Aymon, Jérôme"]
[Black "Studer, Noël"]
[Result "0-1"]
[ECO "C02"]
[WhiteElo "1566"]
[BlackElo "1761"]
[Annotator ",Inock"]
[PlyCount "72"]
[TimeControl "40/7200:20/3600:1800"]

{400MB, Fritz8.ctg} 1. e4 e6 2. d4 d5 3. e5 c5 4. c3 Qb6 5. f4
Nc6 6. Nf3 Nh6 7. a3 cxd4 8. Nxd4 Nxd4 9. Qxd4 Qxd4 10. cxd4 Nf5 11. Bb5+ Bd7
12. Bxd7+ Kxd7 13. b4 Nxd4 14. O-O Rc8 15. Ra2 Be7 16. Be3 Nb5 17. Rc1 Rxc1+
18. Bxc1 Rc8 19. Be3 a6 20. a4 Nc3 21. Nxc3 Rxc3 22. Bd2 Rb3 23. b5 axb5 24.
axb5 Rxb5 25. g4 Bc5+ 26. Kg2 Bd4 27. Kf3 Rb3+ 28. Kg2 Rb2 29. Rxb2 Bxb2 30.
Bb4 Kc6 31. Kf3 Kb5 32. Bf8 g6 33. h4 Kc4 34. Bh6 b5 35. h5 b4 36. hxg6 hxg6
0-1

[Event "Finalturnier U12"]
[Site "TOSHIBA"]
[Date "2008.07.04"]
[Round "3"]
[White "Retti, Ivan"]
[Black "Grandadam, Patrik"]
[Result "1-0"]
[ECO "C02"]
[WhiteElo "1831"]
[BlackElo "1972"]
[Annotator ",Inock"]
[PlyCount "39"]
[TimeControl "40/7200:20/3600:1800"]

{400MB, Fritz8.ctg} 1. e4 c5 2. Nf3 e6 3. c3 d5 4. e5 Nc6 5. d4 Qb6 6. a3 Nh6
7. b4 cxd4 8. cxd4 Nf5 9. Bb2 Bd7 10. g4 Nfe7 11. Nc3 Na5 12. Nd2 Nc4 13. Bxc4
dxc4 14. Nxc4 Qc6 15. Nd6+ Kd8 16. Nxf7+ Ke8 17. Nd6+ Kd8 18. d5 exd5 19. b5
Qc5 20. Nxb7+ 1-0

[Event "Finalturnier U12"]
[Site "TOSHIBA"]
[Date "2008.07.04"]
[Round "3"]
[White "Welch, Fabian"]
[Black "Zaza, Ludovic"]
[Result "0-1"]
[ECO "D04"]
[WhiteElo "1625"]
[BlackElo "1602"]
[Annotator ",Inock"]
[PlyCount "70"]
[TimeControl "40/7200:20/3600:1800"]

{400MB, Fritz8.ctg} 1. d4 Nf6 2. Nf3 d5 3. e3 Bf5 4. Bd3 Bg6 5. O-O e6 6. b3
Nbd7 7. Bb2 Bd6 8. Ne5 c6 9. f4 Nb6 10. c4 c5 11. cxd5 Nfxd5 12. Bb5+ Ke7 13.
Nxg6+ hxg6 14. dxc5 Bxc5 15. Bxg7 Nxe3 16. Qc1 Rc8 17. Bxh8 Nxf1+ 18. Kxf1 Qxh8
19. Nd2 Qxh2 20. b4 Qxf4+ 21. Ke2 Qe3+ 22. Kd1 Qg1+ 23. Bf1 Bd4 24. Qa3 Bxa1
25. b5+ Qc5 26. Qxc5+ Rxc5 27. Nb3 Rf5 28. Bd3 Rd5 29. Kc2 Bg7 30. a4 Nxa4 31.
Na5 Nc5 32. Be2 f5 33. Bf3 Ne4 34. Nxb7 Rxb5 35. Bxe4 fxe4 0-1

[Event "Finalturnier U12"]
[Site "TOSHIBA"]
[Date "2008.07.04"]
[Round "3"]
[White "Seitz, Florian"]
[Black "Züst, Leonard"]
[Result "0-1"]
[ECO "C50"]
[WhiteElo "1690"]
[BlackElo "1629"]
[Annotator ",Inock"]
[PlyCount "126"]
[TimeControl "40/7200:20/3600:1800"]

{400MB, Fritz8.ctg} 1. e4 e5 2. Nf3 Nc6 3. Bc4 Bc5 4. d3 h6 5. c3 Nf6 6. O-O
O-O 7. Be3 Bb6 8. Nbd2 d6 9. Qe2 Be6 10. Rfe1 Qd7 11. Rad1 Ne7 12. Bxe6 fxe6
13. d4 exd4 14. cxd4 Ng6 15. e5 Ng4 16. Nc4 d5 17. Ncd2 Nxe3 18. Qxe3 Rac8 19.
Nb3 Qe7 20. Rc1 c6 21. Nc5 Bd8 22. Qb3 b6 23. Qc2 Qf7 24. Nd3 Be7 25. Qa4 c5
26. Qxa7 c4 27. Qb7 Rb8 28. Qa6 cxd3 29. Qxd3 Bd8 30. Rc6 Nh4 31. Re3 Bg5 32.
Re2 Nxf3+ 33. Qxf3 Qxf3 34. gxf3 Rxf3 35. Rxe6 Rd3 36. Rc2 Rxd4 37. Rcc6 Bd8
38. Red6 Rc4 39. Rxc4 dxc4 40. Rc6 b5 41. f4 Kf7 42. Kg2 Rb6 43. Rc8 Ke7 44. f5
Kd7 45. Rc5 Be7 46. Rd5+ Kc6 47. Rd2 b4 48. Kf3 Rb5 49. Ke4 Rc5 50. Rc2 c3 51.
bxc3 Rxc3 52. Rg2 Bg5 53. h4 Rc4+ 54. Kd3 Rxh4 55. Rc2+ Kd7 56. e6+ Kd6 57. Rc8
Rh3+ 58. Kd4 Bf6+ 59. Ke4 b3 60. axb3 Rxb3 61. Ra8 Rb4+ 62. Ke3 Bg5+ 63. Kf3
Rf4+ 0-1

[Event "Finalturnier U12"]
[Site "TOSHIBA"]
[Date "2008.07.04"]
[Round "3"]
[White "Stoeri, Laura"]
[Black "Fopp, Stefan"]
[Result "1-0"]
[ECO "C39"]
[WhiteElo "1741"]
[BlackElo "1644"]
[Annotator ",Inock"]
[PlyCount "61"]
[TimeControl "40/7200:20/3600:1800"]

{400MB, Fritz8.ctg} 1. e4 e5 2. f4 exf4 3. Nf3 g5 4. h4 g4 5. Ne5 d6 6. Nxg4
Nf6 7. Nxf6+ Qxf6 8. Nc3 Nc6 9. Nd5 Qd8 10. d4 Be6 11. Nxf4 Ne7 12. Nxe6 fxe6
13. Bg5 Qd7 14. Qh5+ Ng6 15. Bd3 Qg7 16. O-O-O Be7 17. Bh6 Qg8 18. Qb5+ Kd8 19.
Qxb7 Rc8 20. Ba6 Kd7 21. Qb5+ c6 22. Bxc8+ Qxc8 23. Qa4 Qb7 24. Bg5 Rb8 25. Qb3
Qc7 26. Qc3 Qb6 27. Bxe7 Kxe7 28. Rdf1 Qa6 29. Qa3 Qb6 30. e5 Qxd4 31. exd6+
1-0

[Event "Finalturnier U12"]
[Site "TOSHIBA"]
[Date "2008.07.04"]
[Round "3"]
[White "Roos, Jonas"]
[Black "Georgiadis, Nico"]
[Result "0-1"]
[ECO "A48"]
[WhiteElo "1661"]
[BlackElo "2056"]
[Annotator ",Inock"]
[PlyCount "80"]
[TimeControl "40/7200:20/3600:1800"]

{400MB, Fritz8.ctg} 1. d4 Nf6 2. Bf4 g6 3. Nf3 d6 4. e3 Bg7 5. c3 O-O 6. Bd3
Nbd7 7. O-O Re8 8. Bc2 b6 9. Nbd2 e5 10. Bg3 Bb7 11. b3 Nd5 12. Nb1 e4 13. Nfd2
f5 14. c4 Nb4 15. a3 Nxc2 16. Qxc2 Nf6 17. Nc3 Nh5 18. Rac1 Nxg3 19. hxg3 c5
20. d5 Qf6 21. Nb5 Re7 22. a4 a6 23. Nc3 h5 24. Ne2 g5 25. Rfd1 Qh6 26. Kf1 Rf8
27. Ke1 h4 28. gxh4 Qxh4 29. g3 Qh5 30. Nf1 Bc8 31. Qd2 Qh1 32. Nc3 f4 33. gxf4
gxf4 34. exf4 Bd4 35. Ne2 e3 36. Qd3 Bf5 37. Neg3 Qg2 38. fxe3 Bxd3 39. Rxd3
Bxe3 40. Nxe3 Qxg3+ 0-1

[Event "Finalturnier U12"]
[Site "TOSHIBA"]
[Date "2008.07.04"]
[Round "3"]
[White "Grillon, Cédric"]
[Black "Mallor, Tim"]
[Result "1-0"]
[ECO "A52"]
[WhiteElo "1544"]
[BlackElo "1573"]
[Annotator ",Inock"]
[PlyCount "73"]
[TimeControl "40/7200:20/3600:1800"]

{400MB, Fritz8.ctg} 1. d4 Nf6 2. c4 e5 3. dxe5 Ng4 4. Nf3 Bc5 5. e3 Nc6 6. Qd5
Qe7 7. Nc3 O-O 8. Bd3 Ngxe5 9. Nxe5 Nxe5 10. O-O Nxd3 11. Qxd3 d6 12. b3 Qf6
13. Bb2 Qg6 14. Qxg6 fxg6 15. Nb5 Rf7 16. Bd4 Bxd4 17. exd4 Be6 18. Nc3 c6 19.
Rfe1 Re8 20. d5 Bd7 21. Rxe8+ Bxe8 22. Ne4 Rd7 23. dxc6 bxc6 24. Re1 Re7 25.
Re3 d5 26. cxd5 cxd5 27. Nd6 Rxe3 28. fxe3 Kf8 29. Kf2 Bd7 30. Ke2 Ke7 31. Nb7
Bb5+ 32. Kd2 Kd7 33. Kc3 h5 34. h4 Ke6 35. Kd4 Bc6 36. Nd8+ Kd7 37. Nxc6 1-0

[Event "Finalturnier U12"]
[Site "TOSHIBA"]
[Date "2008.07.04"]
[Round "3"]
[White "Rindlisbacher, Lars"]
[Black "Rösler, Linus"]
[Result "1-0"]
[ECO "C71"]
[WhiteElo "1987"]
[BlackElo "1565"]
[Annotator ",Inock"]
[PlyCount "83"]
[TimeControl "40/7200:20/3600:1800"]

{400MB, Fritz8.ctg} 1. e4 e5 2. Nf3 Nc6 3. Bb5 a6 4. Ba4 d6 5. Nc3 Bd7 6. O-O
b5 7. Bb3 Bg4 8. h3 Bh5 9. Nxe5 Nxe5 10. Qxh5 Nf6 11. Qe2 Be7 12. d4 Nc6 13.
Be3 Na5 14. e5 Nxb3 15. exf6 Nxa1 16. fxe7 Qxe7 17. Rxa1 Qe6 18. d5 Qe5 19. Bf4
Qxe2 20. Nxe2 O-O 21. Nd4 Rfe8 22. Bd2 Re5 23. Nc6 Re2 24. Rd1 Kf8 25. Kf1 Rae8
26. Bc3 R2e4 27. Re1 Rc4 28. Bxg7+ Kxg7 29. Rxe8 Rxc2 30. Re2 Rc1+ 31. Re1 Rc2
32. Rb1 Rd2 33. Nb4 a5 34. Na6 Rxd5 35. Nxc7 Rc5 36. Ne8+ Kg6 37. Nxd6 Rd5 38.
Ne4 Re5 39. Re1 f5 40. Nc3 Rc5 41. Re6+ Kg5 42. g3 1-0

[Event "Finalturnier U12"]
[Site "TOSHIBA"]
[Date "2008.07.05"]
[Round "4"]
[White "Rösler, Linus"]
[Black "Mallor, Tim"]
[Result "1/2-1/2"]
[ECO "C54"]
[WhiteElo "1565"]
[BlackElo "1573"]
[Annotator ",Inock"]
[PlyCount "61"]
[TimeControl "40/7200:20/3600:1800"]

{400MB, Fritz8.ctg} 1. e4 e5 2. Nf3 Nc6 3. Bc4 Bc5 4. c3 Nf6 5. d3 O-O 6. Nbd2
a6 7. Bb3 d6 8. O-O Ne7 9. h3 Ng6 10. Bc2 Ba7 11. Re1 Re8 12. Nf1 h6 13. Ng3
Be6 14. Bd2 c6 15. a3 Qb6 16. Rf1 Qc7 17. Rb1 Rad8 18. Re1 d5 19. Qc1 Kh7 20.
Be3 Bb6 21. Bxb6 Qxb6 22. Qe3 Qxe3 23. Rxe3 dxe4 24. dxe4 Rd6 25. Rd3 Rxd3 26.
Bxd3 Rd8 27. Bc2 Kg8 28. Rd1 Rxd1+ 29. Bxd1 Nd7 30. Nd2 Nc5 31. Bc2 1/2-1/2

[Event "Finalturnier U12"]
[Site "TOSHIBA"]
[Date "2008.07.05"]
[Round "4"]
[White "Fopp, Stefan"]
[Black "Grillon, Cédric"]
[Result "0-1"]
[ECO "C28"]
[WhiteElo "1644"]
[BlackElo "1544"]
[Annotator ",Inock"]
[PlyCount "120"]
[TimeControl "40/7200:20/3600:1800"]

{400MB, Fritz8.ctg} 1. e4 e5 2. Nc3 Nf6 3. Bc4 Nc6 4. d3 d6 5. Bg5 Be7 6. Nge2
O-O 7. O-O Be6 8. Bb3 Nh5 9. Be3 Bg5 10. f4 exf4 11. Nxf4 Nxf4 12. Bxf4 Bxf4
13. Rxf4 Qg5 14. Qf3 Bxb3 15. cxb3 Ne5 16. Qe3 Nxd3 17. Rf3 Qxe3+ 18. Rxe3 Ne5
19. Nb5 Rfc8 20. Rc1 Nc6 21. Rf3 a6 22. Nc3 Ne5 23. Re3 c6 24. Na4 Re8 25. Rd1
Re6 26. Nb6 Rae8 27. Nc4 Nxc4 28. bxc4 Rxe4 29. Rxe4 Rxe4 30. Rxd6 g6 31. Rd7
b5 32. cxb5 cxb5 33. Rd6 Re6 34. Rxe6 fxe6 35. b4 Kf7 36. Kf2 Kf6 37. h3 h6 38.
g3 h5 39. Ke3 Ke5 40. g4 h4 41. Kf3 g5 42. Ke3 Kd5 43. Kd3 e5 44. Ke3 e4 45. a3
Ke5 46. Ke2 Kf4 47. Kf2 e3+ 48. Ke2 Kg3 49. Kxe3 Kxh3 50. Kf3 Kh2 51. Ke4 Kg3
52. Kf5 h3 53. Kxg5 h2 54. Kf5 h1=Q 55. g5 Kf3 56. g6 Qg1 57. Kf6 Ke3 58. Ke5
Kd3 59. Kd5 Qxg6 60. Kc5 Kc3 0-1

[Event "Finalturnier U12"]
[Site "TOSHIBA"]
[Date "2008.07.05"]
[Round "4"]
[White "Welch, Fabian"]
[Black "Roos, Jonas"]
[Result "1-0"]
[ECO "A48"]
[WhiteElo "1625"]
[BlackElo "1661"]
[Annotator ",Inock"]
[PlyCount "127"]
[TimeControl "40/7200:20/3600:1800"]

{400MB, Fritz8.ctg} 1. d4 Nf6 2. e3 g6 3. Nf3 Bg7 4. Bd3 d6 5. O-O O-O 6. b3
Nbd7 7. Nbd2 b6 8. Bb2 Bb7 9. c4 c5 10. e4 Qc7 11. Qe2 e5 12. dxe5 dxe5 13.
Rab1 Rfe8 14. Rfd1 Rad8 15. Nf1 Nh5 16. Ng5 Nf4 17. Qf3 f5 18. Ng3 h6 19. Nh3
Nxh3+ 20. gxh3 f4 21. Ne2 Nf6 22. Nc3 a6 23. h4 Qc8 24. h3 Kh7 25. Kh2 g5 26.
hxg5 hxg5 27. Nd5 Bxd5 28. exd5+ e4 29. Bxf6 Bxf6 30. Bxe4+ Kg8 31. Bg6 Re7 32.
d6 Re5 33. Qh5 Qd7 34. Bc2 Qf7 35. Qxf7+ Kxf7 36. Rd2 Bg7 37. Rbd1 Rd7 38. Bh7
Bf8 39. Kg2 Kg7 40. Bc2 Kf6 41. Rd5 Rxd5 42. Rxd5 Rxd6 43. Rf5+ Ke7 44. Rxg5
Rd2 45. Bb1 Rb2 46. Re5+ Kd6 47. Rd5+ Kc7 48. Rd1 Bg7 49. Kf3 Bd4 50. Kxf4
Rxf2+ 51. Kg3 Re2 52. Rf1 Rb2 53. h4 Kd6 54. h5 Re2 55. h6 Re8 56. h7 a5 57.
Rf5 Rh8 58. Rg5 Be5+ 59. Kg4 Rxh7 60. Bxh7 Bf6 61. Rg6 Ke5 62. Bg8 Bd8 63. Re6+
Kd4 64. Rd6+ 1-0